Unix NetHack Version 3.7.0-66 Work-in-progress - last build Oct 31 2022 03:30:20 (711e4685e6d698f680964a2e4aeefc23ca9efb07,branch:master). Game began 2022-10-31 13:33:06, ended 2022-10-31 13:45:57. elenmirie, neutral female gnomish Healer --------------------------------- |...........................d...| |.---------------......------@..| .+ |(((.-......|(((.-Z..| |.| |((( |......|(((.|..@| +.| |( |......|(((.|.@.| |.-------+-------..---------|...| |.............{....|....|%%%|...| |.----+-----.......|.._.|%%]|.r.| |.| |.......|....|%!%|...| --------- ##### |.| |......{|....|...|...| |........#######..--+----+--.......---|---|--...| |<......|# #|...............................| |........ |....-+--.......-----|-..----...| +.......| |....| |.......| ..|..| ...| |........ |....| |.......+ |..|..| |...| --------- ------ --------- ------- ----- Elenmirie the Rhizotomist St:10 Dx:6 Co:15 In:12 Wi:15 Ch:16 Neutral Dlvl:6 $:73 HP:0(16) Pw:6(6) AC:1 Xp:1/2 T:1318 Latest messages: "Thou hast been rewarded for thy devotion." Talk to whom? (in what direction) h The priest of Hermes asks you for a contribution for the temple. How much will you offer? 400 You give the priest of Hermes 400 zorkmids. "Thou hast been rewarded for thy devotion." The sewer rat turns to flee. The sewer rat turns to flee. You hear the chime of a cash register. The watchman wields a short sword! It misses the watchman. The watchman thrusts his short sword at it. The watchman misses it. The dwarf zombie misses the watchman. The dwarf zombie misses the watchman. The watchman thrusts his short sword at the dwarf zombie. The watchman hits the dwarf zombie. It misses the watchman. The dwarf zombie misses the watchman. The watchman thrusts his short sword at it. The watchman hits it. The dwarf zombie misses the watchman. You miss the gecko. The gecko misses! You kill the gecko! "Hello, elenmirie! Welcome to Nieb's hardware store!" You see here a figurine of a fire giant (for sale, 60 zorkmids). You see here a drum (for sale, 25 zorkmids). You see here a whistle (for sale, 8 zorkmids). You see here a key (for sale, 8 zorkmids). You see here a towel (for sale, 38 zorkmids). You see here a candle (for sale, 8 zorkmids). You see here a whistle (for sale, 8 zorkmids). You see here a bag (for sale, 75 zorkmids). You carefully open the bag... It develops a huge set of teeth and bites you! You see here a looking glass (for sale, 8 zorkmids). You see here a towel (for sale, 38 zorkmids). You see here a candle (for sale, 8 zorkmids). The coyote bites! You miss the coyote. The coyote bites! You hit the coyote. The dwarf zombie hits! You die... Do you want your possessions identified? [ynq] (y) y Do you want to see your attributes? [ynq] (y) y Do you want an account of creatures vanquished? [ynaq] (y) y Do you want to see your conduct and achievements? [ynq] (y) y Do you want to see the dungeon overview? [ynq] (y) y Inventory: Coins $ - 73 gold pieces Amulets n - a cursed amulet of restful sleep Weapons q - an uncursed +0 elven dagger a - an uncursed +0 scalpel (weapon in hand) Armor b - an uncursed +1 pair of leather gloves (being worn) r - an uncursed +0 pair of jumping boots (being worn) Comestibles l - 5 uncursed apples Spellbooks j - a blessed spellbook of extra healing i - a blessed spellbook of healing k - a blessed spellbook of stone to flesh Potions f - 2 blessed potions of extra healing g - 2 uncursed potions of extra healing u - an uncursed potion of extra healing o - an uncursed potion of water Wands h - an uncursed wand of sleep (0:6) Tools t - an uncursed mirror p - an uncursed oil lamp c - an uncursed stethoscope Elenmirie the Healer's attributes: Background: You were a Rhizotomist, a level 1 female gnomish Healer. You were neutral, on a mission for Hermes who was opposed by Athena (lawful) and Poseidon (chaotic). You were in the Gnomish Mines, on level 6. You entered the dungeon 1318 turns ago. You had 2 experience points, 18 more were needed to attain level 2. Basics: You had 0 out of 16 hit points. You had all 6 energy points (spell power). Your armor class was 1. Your wallet contained 73 zorkmids. Autopickup was on for '$' plus thrown. Final Characteristics: Your strength was 10 (limit:18/50). Your dexterity was 6 (peak:7, limit:18). Your constitution was 15 (limit:18). Your intelligence was 12 (limit:19). Your wisdom was 15 (limit:18). Your charisma was 16 (limit:18). Final Status: You were not hungry. You were unencumbered. You were wielding a knife. You had basic skill with knife. Final Attributes: You were fervently aligned. You were poison resistant. You had infravision. You could jump. You had a moderate defense bonus (+6). You were warded. You are dead. Miscellaneous: You never encountered a bones level. Total elapsed playing time was 12 minutes and 46 seconds. Major events: Turn 1: elenmirie the neutral female gnomish Healer entered the dungeon 506: entered the Gnomish Mines 1188: reached Mine Town 1318: killed by a dwarf zombie Vanquished creatures: 3 dwarves a kobold leader a dwarf zombie an acid blob 3 hobbits a yellow mold 5 gnomes 2 gnome zombies 2 geckos a jackal 2 kobolds 2 goblins a sewer rat 6 grid bugs 2 bats 5 lichens a kobold zombie a newt 40 creatures vanquished. No species were genocided or became extinct. Voluntary challenges: You followed a strict vegan diet. You were illiterate. You never engraved Elbereth. You never genocided any monsters. You never polymorphed an object. You never changed form. You used no wishes. Achievements: You entered the Gnomish Mines. You entered Minetown. You entered a temple. You entered a shop. The Dungeons of Doom: levels 1 to 3 Level 1: Level 2: A fountain. Stairs down to The Gnomish Mines. Level 3: The Gnomish Mines: levels 3 to 6 Level 3: Level 4: Level 5: Level 6: <- You were here. A shop, a temple to Hermes, some fountains. Final resting place for you, killed by a dwarf zombie. Game over: ---------- / \ / REST \ / IN \ / PEACE \ / \ | elenmirie | | 73 Au | | killed by a | | dwarf zombie | | | | | | 2022 | *| * * * | * _________)/\\_//(\/(/\)/\//\/|_)_______ Goodbye elenmirie the Healer... You died in The Gnomish Mines on dungeon level 6 with 258 points, and 73 pieces of gold, after 1318 moves. You were level 1 with a maximum of 16 hit points when you died.